 Dungeon Crawl Stone Soup version 0.31-a0-931-g7b59d4eb97 (webtiles) character file.

Game seed: 11803376992926643370

56372 Xavori the Covert (level 14, -5/68 HPs)
             Began as a Vine Stalker Chaos Knight on Oct 19, 2023.
             Was a Plaything of Xom.
             Killed by divine providence
             ... invoked by a meliai
              (12 damage)
             ... on level 13 of the Dungeon.
             The game lasted 00:27:14 (17670 turns).

Xavori the Covert (Vine Stalker Chaos Knight)      Turns: 17670, Time: 00:27:14

Health: -5/68      AC: 10    Str: 13    XL:     14   Next: 81%
Magic:  0/27       EV: 23    Int: 15    God:    Xom [*.....]
Gold:   1328       SH:  6    Dex: 25    Spells: 29/29 levels left

rFire   + . .        H - +4 short sword (elec)
rCold   . . .        F - +0 buckler
rNeg    . . .        i - +0 troll leather armour
rPois   +            G - +2 helmet {SInv}
rElec   +            D - scarf {shadows}
rCorr   .            (no gloves)
SInv    +            R - +2 pair of boots {rampage}
Will    +....        U - amulet "Garyicre" {RegenMP rPois rF+ Int+3}
Stlth   +++++++      C - +6 ring of dexterity
HPRegen 2.71/turn    k - +5 ring of evasion
MPRegen 0.60/turn

%: guardian spirit, rampage
@: lethally poisoned (-5 -> -5)
A: fangs 3, regeneration 2, magic shield, antimagic bite, no potion heal 2,
hooves 1, camouflage 1, frail 1, electricity resistance, weak 1, wild magic 1,
MP-powered wands
a: Renounce Religion


You were on level 13 of the Dungeon.
You worshipped Xom.
You were a special plaything of Xom.
You visited 2 branches of the dungeon, and saw 18 of its levels.

You collected 1328 gold pieces.

Inventory:

Hand Weapons
 H - a +4 short sword of electrocution (weapon)
Missiles
 A - 8 throwing nets
Armour
 b - a +2 leather armour
 i - a +0 troll leather armour (worn)
 r - the +0 pair of boots "Kemiykuq" {rPois Str+3 Int+5 Dex-2}
   (You found it on level 1 of the Lair of Beasts)

   Str+3:     It affects your strength (+3).
   Int+5:     It affects your intelligence (+5).
   Dex-2:     It affects your dexterity (-2).
   rPois:     It protects you from poison
 D - a scarf of shadows (worn)
 F - a +0 buckler (worn)
 G - a +2 helmet of see invisible (worn)
 R - a +2 pair of boots of rampaging (worn)
Jewellery
 j - a ring of protection from fire
 k - a +5 ring of evasion (right hand)
 C - a +6 ring of dexterity (left hand)
 Q - a ring of see invisible
 U - the amulet "Garyicre" (around neck) {RegenMP rPois rF+ Int+3}
   (You found it on level 3 of the Lair of Beasts)

   [amulet of magic regeneration]

   RegenMP:   It increases your rate of magic regeneration.
   Int+3:     It affects your intelligence (+3).
   rF+:       It protects you from fire.
   rPois:     It protects you from poison
 V - a ring of magical power
 W - a ring of protection from cold
 Y - a ring of resist corrosion
Talismans
 O - a flux talisman
Wands
 g - a wand of mindburst (5)
 B - a wand of digging (7)
 I - a wand of roots (16)
 J - a wand of light (3)
 M - a wand of paralysis (7)
 N - a wand of polymorph (2)
 P - a wand of flame (5)
Scrolls
 c - a scroll of butterflies
 f - 5 scrolls of poison
 l - 3 scrolls of fear
 n - a scroll of enchant armour
 o - 4 scrolls of identify
 p - 3 scrolls of vulnerability
 q - 6 scrolls of teleportation
 t - 2 scrolls of blinking
 u - 3 scrolls of enchant weapon
 v - 4 scrolls of fog
 x - 4 scrolls of amnesia
 y - 3 scrolls of noise
 L - a scroll of immolation
 S - a scroll of torment
 T - a scroll of brand weapon
Potions
 a - a potion of lignification {unknown}
 d - 10 potions of curing
 e - 5 potions of mutation
 h - 5 potions of haste
 m - 2 potions of cancellation
 s - a potion of attraction
 w - a potion of enlightenment {unknown}
 E - a potion of resistance
 K - a potion of might
 X - a potion of invisibility {unknown}


   Skills:
 + Level 9.8 Fighting
 + Level 9.8 Short Blades
 + Level 8.7 Armour
 + Level 8.6 Dodging
 + Level 12.5 Stealth
 + Level 4.5 Shields
 - Level 8.4 Spellcasting
 - Level 5.3 Evocations
 + Level 5.6 Shapeshifting


You had 29 spell levels left.
You didn't know any spells.
Your spell library contained the following spells:

 Spells                   Type           Power      Damage    Failure   Level
 Apportation              Tloc           16%        N/A       26%         1
 Foxfire                  Conj/Fire      32%        2x1d5     26%         1
 Freeze                   Ice            32%        1d5       26%         1
 Necrotise                Necr           32%        1d5       26%         1
 Summon Small Mammal      Summ           32%        N/A       26%         1
 Wereblood                Tmut           8%         N/A       36%         2
 Frozen Ramparts          Ice            16%        1d3       58%         3
 Gell's Gravitas          Tloc           8%         N/A       58%         3
 Hailstorm                Conj/Ice       8%         3d4       58%         3
 Ignite Poison            Fire/Tmut/Pois 8%         N/A       58%         3
 Inner Flame              Hex/Fire       8%         N/A       58%         3
 Ozocubu's Armour         Ice            8%         N/A       58%         3
 Swiftness                Air            8%         N/A       58%         3
 Teleport Other           Tloc           8%         N/A       58%         3
 Flame Wave               Conj/Fire      8%         2d5       92%         4
 Sticky Flame             Conj/Fire      8%         2d3       92%         4
 Irradiate                Conj/Tmut      4%         3d13      99%         5
 Metabolic Englaciation   Hex/Ice        4%         N/A       99%         5
 Yara's Violent Unravell  Hex/Tmut       4%         3d4       99%         5
 Dispersal                Tloc           4%         N/A       100%        6
 Plasma Beam              Fire/Air       4%         2x1d14    100%        6
 Simulacrum               Ice/Necr       4%         N/A       100%        6
 Starburst                Conj/Fire      4%         6d3       100%        6
 Enfeeble                 Hex            4%         N/A       100%        7
 Ozocubu's Refrigeration  Ice            4%         4d8       100%        7
 Ignition                 Fire           4%         3d4       100%        8


Dungeon Overview and Level Annotations

Branches:
Dungeon (13/15)            Temple (0/1) D:5            Lair (5/5) D:8
  Swamp (0/4) Lair:2        Snake (0/4) Lair:2        Slime (0/5) Lair:4
    Orc (0/2) D:10
 Vaults: D:13-14

Altars:
Gozag
Hepliaklqana
Kikubaaqudgha
Nemelex Xobeh
Qazlal
Ru
Sif Muna
Trog
Uskayaw
Xom
Zin
The Shining One

Annotations:
D:8 2 transporters
Lair:2 2 transporters, Ekuacw's ghost, journeyman AtWr


Innate Abilities, Weirdness & Mutations

You have razor-sharp teeth.
You heal very quickly.
When hurt, damage is shared between your health and your magic reserves.
Your bite disrupts and absorbs the magic of your enemies.
Potions cannot restore your health.
You have large cloven feet.
Your skin changes colour to match your surroundings (Stealth+).
You are frail. (-10% HP)
You are resistant to electric shocks. (rElec)
You are weak. (Str -2)
Your spells are a little harder to cast, but a little more powerful.
You expend magic power (3 MP) to strengthen your wands.


Message History

You feel sick. The meliai hits you but does no damage.
The meliai completely misses you. x3
Unknown command.
You hit the meliai.
The meliai is almost dead.
You feel sick.
The meliai invokes the aid of its god against you.
Something smites you! The meliai barely misses you.
You block the meliai's attack.
The meliai invokes the aid of its god against you.
Something smites you!
You are too injured to fight recklessly!
Unknown command.
You hit the meliai but do no damage.
The meliai is almost dead.
You feel sick.
The meliai invokes the aid of its god against you.
Something smites you!
* * * LOW HITPOINT WARNING * * *
The meliai closely misses you. The meliai stings you!
* * * LOW HITPOINT WARNING * * *
Xom is mildly amused.
You feel sick.
The meliai calls down the wrath of its god upon you.
Something smites you!
* * * LOW HITPOINT WARNING * * *
Xom is amused.
The meliai calls upon its god to heal the meliai.
The meliai is healed somewhat.
There is an open door here.
Unknown command.
As you read the scroll of fear, it crumbles to dust.
You assume a fearsome visage.
The meliai looks frightened! x3; You feel sick.
Cornered, the meliai turns to fight!
Unknown command.
You feel sick.
The meliai mumbles some strange prayers to its god against you.
Something smites you!
You die...
Xom chuckles heartily!

#. #. #.# y. #.##
#.y# .. #y# ####.###
####'### #......#
#..@...# #......#
#.....># # #......#
#......# ###..(...#
#......# ..#......#
#......#
#........#####......#
###..>.......'......#
#......#####......#
####.#### ###'####


You could see 2 meliai.

Vanquished Creatures
  Nessos (Lair:4)
  Josephine (D:12)
  2 hydras
  Harold (Lair:2)
  A centaur warrior (D:10)
  A merfolk avatar (Lair:5)
  2 boulder beetles (D:10)
  A satyr (shapeshifter) (D:8)
  2 two-headed ogres (D:11)
  Erica (D:9)
  4 skysharks
  A sea snake (Lair:5)
  A swamp dragon (D:10)
  An occultist (D:10)
  A lindwurm (Lair:3)
  2 deep elf pyromancers (D:12)
  A mana viper (Lair:3)
  A wolf spider (D:10)
  5 cyclopes
  3 manticores
  An ugly thing (D:11)
  13 elephants
  A smoke demon (D:12)
  16 cane toads
  2 gargoyles
  2 rime drakes
  5 komodo dragons
  3 trolls
  6 polar bears
  A wind drake (Lair:5)
  2 hornets (D:8)
  18 blink frogs
  3 slime creatures (D:12)
  A vampire (D:10)
  2 shadows
  9 wraiths
  A wyvern (D:10)
  Eustachio (D:6)
  2 fire elementals (D:12)
  2 fire bats (D:12)
  46 yaks
  2 basilisks (Lair:3)
  7 vampire mosquitoes
  Grum (D:10)
  A steam dragon (Lair:5)
  An acid dragon (D:10)
  13 water moccasins
  An ice beast (shapeshifter) (D:10)
  2 ice beasts
  A sky beast (D:7)
  4 orc warriors
  2 black bears (D:9)
  A boggart (Lair:2)
  An ogre (D:6)
  21 wolves
  5 centaurs
  2 phantoms
  A kobold brigand (D:10)
  3 gnoll sergeants
  12 bullfrogs
  4 scorpions
  13 wights
  3 howler monkeys
  2 electric eels (Lair:5)
  10 orc priests
  4 hounds
  A gnoll bouda (D:8)
  Terence (D:2)
  2 iguanas
  15 orc wizards
  Natasha (twice) (D:2)
  17 gnolls
  10 adders
  3 white imps
  2 ufetubi (D:5)
  A worm (D:4)
  4 dart slugs
  37 orcs
  3 bats
  9 endoplasms
  3 giant cockroaches
  11 goblins
  8 hobgoblins
  5 jackals
  4 quokkas
  5 ball pythons
  3 frilled lizards
  15 kobolds
  10 rats
  A spectral kobold (D:3)
459 creatures vanquished.

Vanquished Creatures (collateral kills)
  Frances (D:12)
  A two-headed ogre (D:10)
  A troll (D:8)
  A wraith (D:10)
  A yak (Lair:5)
  A steam dragon (Lair:5)
  An acid dragon (D:10)
  2 orc warriors
  A gnoll sergeant (D:10)
  A bullfrog (D:8)
  A wight (D:10)
  4 electric eels (D:8)
  A hound (D:8)
  An orc wizard (D:8)
  A gnoll (D:8)
  4 orcs (D:8)
23 creatures vanquished.

Vanquished Creatures (others)
  A bullfrog (Lair:1)
1 creature vanquished.

Grand Total: 483 creatures vanquished

Notes
Turn   | Place    | Note
-------+----------+-------------------------------------------
     0 | D:1      | Xavori the Vine Stalker Chaos Knight began the quest for
                  | the Orb.
     0 | D:1      | Reached XP level 1. HP: 11/11 MP: 2/2
   121 | D:1      | Reached skill level 1 in Dodging
   128 | D:1      | Reached XP level 2. HP: 16/16 MP: 3/3
   143 | D:1      | XOM: divination: detect creatures
   398 | D:1      | XOM: silly message
   450 | D:1      | XOM: summons 4 hostile shadow creatures
   619 | D:1      | Reached XP level 3. HP: 20/20 MP: 4/4
   954 | D:2      | Noticed Natasha
   958 | D:2      | XOM: divination: detect items
   962 | D:2      | Killed Natasha
   963 | D:2      | Reached skill level 1 in Stealth
   971 | D:2      | Reached XP level 4. HP: 24/24 MP: 4/6
  1381 | D:1      | XOM: 8-stop teleportation journey
  1445 | D:1      | XOM is BORED!
  1445 | D:1      | XOM: torment (15/24 hp)
  1576 | D:1      | XOM: scenery: summon butterflies
  2520 | D:1      | XOM: cloud trail
  2529 | D:1      | XOM: god gift: blackened tourmaline ring {god gift}
  2743 | D:1      | XOM: give mutations
  2743 | D:1      | Gained mutation: You possess an exceptional clarity of
                  | mind. [Xom's grace]
  2743 | D:1      | Gained mutation: You expend magic power (3 MP) to
                  | strengthen your wands. [Xom's grace]
  2743 | D:1      | Gained mutation: Your spells are a little harder to cast,
                  | but a little more powerful. [Xom's grace]
  2871 | D:1      | XOM: give mutations
  2871 | D:1      | Gained mutation: Your flesh is cold resistant. (rC+) [Xom's
                  | grace]
  2871 | D:1      | Gained mutation: You have large cloven feet. [Xom's grace]
  2871 | D:1      | Gained mutation: You are partially covered in iridescent
                  | scales. (AC +2) [Xom's grace]
  2871 | D:1      | Gained mutation: You are resistant to electric shocks.
                  | (rElec) [Xom's grace]
  2881 | D:2      | Noticed Natasha
  2887 | D:2      | Killed Natasha
  2888 | D:2      | Reached skill level 1 in Spellcasting
  2987 | D:2      | Reached XP level 5. HP: 28/28 MP: 7/7
  3039 | D:2      | Noticed Terence
  3040 | D:2      | XOM: confuse monster(s)
  3048 | D:2      | Killed Terence
  3049 | D:2      | Reached skill level 2 in Stealth
  3368 | D:2      | XOM: give mutations
  3368 | D:2      | Gained mutation: You have a somewhat thin skeletal
                  | structure. (Dex +2, Stealth+) [Xom's grace]
  3368 | D:2      | Gained mutation: Your spells are harder to cast, but more
                  | powerful. [Xom's grace]
  3368 | D:2      | Gained mutation: You have sharp fingernails. [Xom's grace]
  3368 | D:2      | Gained mutation: You are somewhat resistant to further
                  | mutation. [Xom's grace]
  3379 | D:2      | XOM: scenery: 1 doors close
  3554 | D:3      | XOM: 4-stop teleportation journey
  3610 | D:3      | XOM: scenery: 1 doors open
  3621 | D:3      | Reached XP level 6. HP: 32/32 MP: 9/9
  3621 | D:3      | Found a hazy altar of Hepliaklqana.
  3771 | D:3      | XOM: 8-stop teleportation journey
  4274 | D:4      | XOM: potion effect (might)
  4278 | D:4      | Reached skill level 3 in Stealth
  4501 | D:4      | XOM: give mutations
  4501 | D:4      | Lost mutation: Your spells are harder to cast, but more
                  | powerful. [Xom's mischief]
  4501 | D:4      | Gained mutation: You are clumsy. (Dex -2) [Xom's mischief]
  4501 | D:4      | Lost mutation: You are clumsy. (Dex -2) [Xom's mischief]
  4539 | D:4      | Reached XP level 7. HP: 34/37 MP: 11/11
  4774 | D:4      | XOM: scenery: create altars
  4826 | D:5      | Entered Level 5 of the Dungeon
  4969 | D:5      | XOM: god gift: ring mail {god gift}
  5153 | D:5      | Reached skill level 4 in Stealth
  5206 | D:5      | XOM: divination: magic mapping
  5210 | D:5      | Gained mutation: You have razor-sharp teeth. [Vine Stalker
                  | growth]
  5210 | D:5      | Reached XP level 8. HP: 32/42 MP: 9/13
  5239 | D:5      | XOM: scenery: create altars
  5273 | D:5      | Found a staircase to the Ecumenical Temple.
  5301 | D:5      | XOM: scenery: summon butterflies
  5516 | D:5      | XOM: silly message
  5669 | D:6      | XOM: blink monster(s)
  5675 | D:6      | XOM: chaos upgrade
  5689 | D:6      | XOM: polymorph gnoll bouda -> hound
  5692 | D:6      | XOM: give mutations
  5692 | D:6      | Lost mutation: You are partially covered in iridescent
                  | scales. (AC +2) [Xom's mischief]
  5692 | D:6      | Lost mutation: You are somewhat resistant to further
                  | mutation. [Xom's mischief]
  5711 | D:6      | Reached skill level 5 in Stealth
  5898 | D:6      | Found the +7 staff of the Meek {protect, meekguard}
  5990 | D:6      | Found a sacrificial altar of Ru.
  5990 | D:6      | Noticed Eustachio
  5999 | D:6      | Killed Eustachio
  6000 | D:6      | Reached skill level 5 in Fighting
  6000 | D:6      | Reached skill level 5 in Short Blades
  6000 | D:6      | Reached XP level 9. HP: 47/47 MP: 14/16
  6166 | D:6      | XOM: summons 4 hostile demons
  6167 | D:6      | Noticed a soul eater
  6167 | D:6      | Noticed a hellwing
  6593 | D:7      | XOM: 5-stop teleportation journey
  6600 | D:7      | Found a stormy altar of Qazlal.
  6622 | D:7      | XOM: smoke on damage
  6643 | D:7      | Reached skill level 6 in Stealth
  7105 | D:7      | XOM is BORED!
  7105 | D:7      | XOM: stat loss: -2 Dex (24/26)
  7117 | D:7      | XOM: give mutations
  7117 | D:7      | Lost mutation: Your flesh is cold resistant. (rC+) [Xom's
                  | mischief]
  7117 | D:7      | Gained mutation: Your magical capacity is low. (-10% MP)
                  | [Xom's mischief]
  7139 | D:7      | XOM: stat loss: -1 Dex (23/26)
  7271 | D:8      | XOM: enchant monster (bad)
  7293 | D:8      | Found a transporter.
  7296 | D:8      | Noticed a kobold demonologist
  7324 | D:8      | Found a transporter.
  7367 | D:8      | XOM: chaos cloud
  7373 | D:8      | XOM: polymorph gnoll -> shapeshifter
  7373 | D:8      | a shapeshifter changed into a cane toad
  7373 | D:8      | Noticed a cane toad (shapeshifter)
  7377 | D:8      | XOM: summons 5 hostile demons
  7379 | D:8      | a cane toad changed into a black bear
  7383 | D:8      | Noticed a kobold demonologist
  7396 | D:8      | XOM: confuse monster(s)
  7614 | D:8      | Found a sparkling altar of Nemelex Xobeh.
  7679 | D:8      | Found a staircase to the Lair.
  7679 | D:8      | Noticed a troll
  7680 | D:8      | Noticed a hornet
  7702 | D:8      | Killed a hornet
  7706 | D:8      | XOM: cleaving
  7737 | D:8      | Reached skill level 5 in Spellcasting
  7740 | D:8      | Killed a troll
  7741 | D:8      | Reached skill level 7 in Stealth
  7742 | D:8      | Reached XP level 10. HP: 37/53 MP: 11/17
  7764 | D:8      | Reached skill level 5 in Armour
  7862 | D:8      | Paralysed by a hornet for 1 turns
  7864 | D:8      | XOM: blink monster(s)
  7869 | D:8      | XOM: divination: magic mapping
  7885 | D:8      | XOM: enchant monster (bad)
  7886 | D:8      | XOM: summons 2 friendly demons
  7888 | D:8      | Reached skill level 5 in Dodging
  7956 | D:8      | Noticed a satyr
  7956 | D:8      | XOM: potion effect (invisibility)
  7959 | D:8      | XOM: potion effect (might)
  7961 | D:8      | Killed a satyr
  8087 | D:8      | XOM: divination: detect creatures
  8092 | D:8      | XOM: fog
  8274 | D:8      | XOM: cloud trail
  8707 | D:9      | XOM: summons 3 hostile demons
  8713 | D:9      | Reached skill level 8 in Stealth
  8882 | D:9      | XOM: give mutations
  8882 | D:9      | Gained mutation: You occasionally lose the ability to read
                  | scrolls when taking damage. [Xom's mischief]
  8882 | D:9      | Lost mutation: You are resistant to electric shocks.
                  | (rElec) [Xom's mischief]
  8882 | D:9      | Lost mutation: Your magical capacity is low. (-10% MP)
                  | [Xom's mischief]
  8882 | D:9      | Gained mutation: You are frail. (-10% HP) [Xom's mischief]
  9023 | D:9      | XOM: 6-stop teleportation journey
  9096 | D:9      | Found a bloodstained altar of Trog.
  9101 | D:9      | Noticed Erica
  9104 | D:9      | XOM: swap monsters
  9215 | D:9      | XOM: chaos cloud
  9217 | D:9      | Killed Erica
  9218 | D:9      | Reached XP level 11. HP: 52/52 MP: 21/21
  9251 | D:9      | Noticed a manticore
  9256 | D:9      | XOM: stat loss: -1 Int (11/12)
  9258 | D:9      | XOM: chaos cloud
  9264 | D:9      | Killed a manticore
  9433 | D:10     | Identified the of Zocius
  9433 | D:10     | Identified the "Cabeocku"
  9433 | D:10     | Identified the of Xinorchu
  9433 | D:10     | Entered Level 10 of the Dungeon
  9457 | D:10     | Found a glowing silver altar of Zin.
  9550 | D:10     | Noticed Grum
  9565 | D:10     | XOM: give mutation
  9565 | D:10     | Lost mutation: You possess an exceptional clarity of mind.
                  | [Xom's mischief]
  9568 | D:10     | XOM: blink monster(s)
  9588 | D:10     | Killed Grum
  9588 | D:10     | XOM: divination: detect items
  9597 | D:10     | XOM: silly message
  9638 | D:10     | XOM: 2-stop teleportation journey
  9647 | D:10     | XOM: confusion (+ monsters)
  9652 | D:10     | XOM: summons friendly ufetubus
  9674 | D:10     | Noticed a wolf spider
  9674 | D:10     | Noticed a boulder beetle
  9675 | D:10     | Noticed an occultist
  9675 | D:10     | XOM: destruction
  9682 | D:10     | Killed an occultist
  9683 | D:10     | Noticed a manticore
  9685 | D:10     | XOM: scenery: 1 doors close
  9690 | D:10     | Killed a wolf spider
  9691 | D:10     | Reached skill level 9 in Stealth
  9692 | D:10     | Killed a manticore
  9694 | D:10     | Noticed a centaur warrior
  9700 | D:10     | Noticed a boulder beetle
  9710 | D:10     | Killed a centaur warrior
  9720 | D:10     | XOM: noise
  9732 | D:10     | Noticed a two-headed ogre
  9744 | D:10     | Killed a two-headed ogre
  9791 | D:10     | Killed a boulder beetle
  9819 | D:10     | Killed a boulder beetle
  9949 | D:10     | XOM: scenery: 3 doors close
 10048 | D:10     | XOM: enchant monster (good)
 10063 | D:10     | Noticed a swamp dragon
 10065 | D:10     | XOM: god gift: sling {god gift}
 10072 | D:10     | Killed a swamp dragon
 10073 | D:10     | Reached XP level 12. HP: 40/57 MP: 17/24
 10183 | D:10     | XOM: summons 3 friendly demons
 10204 | D:10     | XOM: give mutations
 10204 | D:10     | Lost mutation: You have sharp fingernails. [Xom's mischief]
 10204 | D:10     | Lost mutation: You occasionally lose the ability to read
                  | scrolls when taking damage. [Xom's mischief]
 10204 | D:10     | Gained mutation: You are resistant to electric shocks.
                  | (rElec) [Xom's mischief]
 10206 | D:10     | Reached skill level 1 in Shapeshifting
 10252 | D:10     | Reached skill level 1 in Evocations
 10303 | D:10     | Found an opulent altar of Gozag.
 10364 | D:10     | Found a shimmering blue altar of Sif Muna.
 10425 | D:10     | Found a glowing golden altar of the Shining One.
 10455 | D:10     | XOM: stat loss: -1 Str (14/15)
 10478 | D:10     | Reached skill level 10 in Stealth
 10523 | D:10     | XOM: summons 1 hostile shadow creature
 10543 | D:10     | Found a hide-covered altar of Uskayaw.
 10548 | D:10     | XOM: noise
 10582 | D:10     | Found an ancient bone altar of Kikubaaqudgha.
 10620 | D:10     | Found a staircase to the Orcish Mines.
 10793 | D:14     | Identified the "Joitov"
 10793 | Lair:1   | Entered Level 1 of the Lair of Beasts
 10811 | Lair:1   | Identified the +1 long sword "Oluce" {freeze, Str+3 Dex+5
                  | Stlth-}
 10838 | Lair:1   | XOM: noise
 10843 | Lair:1   | XOM: fake destruction
 10869 | Lair:1   | XOM: cloud trail
 10936 | Lair:1   | Identified the +0 pair of boots "Kemiykuq" {rPois Str+3
                  | Int+5 Dex-2}
 10985 | Lair:1   | XOM: god gift: boomerang
 11051 | Lair:1   | XOM: divination: detect creatures
 11052 | Lair:1   | XOM: cleaving
 11069 | Lair:1   | XOM: polymorph yak -> blink frog
 11075 | Lair:1   | XOM: potion effect (might)
 11083 | Lair:1   | XOM: enchant monster (good)
 11159 | Lair:1   | XOM: confuse monster(s)
 11268 | Lair:1   | XOM: 3-stop teleportation journey
 11512 | Lair:1   | XOM: cloud trail
 11622 | Lair:1   | XOM: scenery: create altars
 11662 | Lair:1   | XOM: scenery: create altars
 11672 | Lair:1   | XOM: silly message
 11759 | Lair:2   | XOM: polymorph bullfrog -> boggart
 11769 | Lair:2   | Found a staircase to the Swamp.
 11909 | Lair:2   | XOM: 1-stop teleportation journey
 11945 | Lair:2   | You fall into a shaft and drop 1 floor!
 12035 | Lair:3   | Noticed a skyshark
 12049 | Lair:3   | Killed a skyshark
 12050 | Lair:3   | Reached XP level 13. HP: 20/62 MP: 12/26
 12052 | Lair:3   | HP: 2/62 [poisoned by a water moccasin]
 12052 | Lair:3   | XOM: smoke on damage
 12112 | Lair:3   | XOM: summons 4 hostile shadow creatures
 12218 | Lair:3   | XOM: polymorph komodo dragon -> mana viper
 12250 | Lair:3   | XOM: silly message
 12355 | Lair:3   | XOM: 1-stop teleportation journey
 12358 | Lair:3   | Reached skill level 1 in Shields
 12417 | Lair:3   | Identified the amulet "Garyicre" {RegenMP rPois rF+ Int+3}
 12512 | Lair:2   | XOM: noise
 12633 | Lair:2   | XOM: swap monsters
 12653 | Lair:2   | Reached skill level 11 in Stealth
 12655 | Lair:2   | Found a transporter.
 12736 | Lair:2   | Found a staircase to the Snake Pit.
 12761 | Lair:2   | Noticed Harold
 12775 | Lair:2   | Killed Harold
 12883 | Lair:2   | Found a transporter.
 12888 | Lair:2   | Noticed Ekuacw's ghost (journeyman AtWr)
 13108 | Lair:3   | XOM: summons 2 friendly demons
 13891 | Lair:4   | Noticed Nessos
 13896 | Lair:4   | Killed Nessos
 13907 | Lair:4   | XOM: summons 3 hostile shadow creatures
 13981 | Lair:4   | Found a staircase to the Slime Pits.
 13983 | Lair:4   | XOM: stat loss: -1 Str (14/15)
 14237 | Lair:4   | Found an opulent altar of Gozag.
 14276 | Lair:4   | XOM: torment (42/63 hp)
 14419 | Lair:5   | Identified the "Repeezai"
 14419 | Lair:5   | Entered Level 5 of the Lair of Beasts
 14507 | Lair:5   | XOM: blink monster(s)
 14517 | Lair:5   | XOM: enchant monster (bad)
 14522 | Lair:5   | XOM: summons friendly crimson imp
 14524 | Lair:5   | XOM: chaos cloud
 14534 | Lair:5   | XOM: silly message
 14536 | Lair:5   | XOM: divination: detect creatures
 14549 | Lair:5   | XOM: 1-stop teleportation journey
 14561 | Lair:5   | XOM: give mutation
 14561 | Lair:5   | Gained mutation: You are weak. (Str -2) [Xom's mischief]
 14570 | Lair:5   | XOM: blink monster(s)
 14584 | Lair:5   | XOM: 1-stop teleportation journey
 14644 | Lair:5   | XOM: swap monsters
 14659 | Lair:5   | XOM: stat loss: -1 Dex (26/27)
 14661 | Lair:5   | XOM: noise
 14688 | Lair:5   | XOM: stat loss: -1 Int (14/15)
 14691 | Lair:5   | XOM: fog
 14697 | Lair:5   | XOM: enchant monster (bad)
 14706 | Lair:5   | XOM: noise
 14712 | Lair:5   | XOM: enchant monster (good)
 14882 | Lair:5   | XOM: summons 4 friendly demons
 14913 | Lair:5   | XOM: noise
 14919 | Lair:5   | XOM: noise
 14945 | Lair:5   | XOM: summons 4 hostile demons
 14955 | Lair:5   | Reached XP level 14. HP: 24/67 MP: 16/27
 14957 | Lair:5   | XOM: silly message
 15008 | Lair:5   | XOM: confuse monster(s)
 15096 | Lair:5   | XOM: silly message
 15111 | Lair:5   | XOM: noise
 15165 | Lair:5   | XOM: blink monster(s)
 15204 | Lair:5   | XOM: confuse monster(s)
 15297 | Lair:5   | XOM: noise
 15299 | Lair:5   | XOM: noise
 15302 | Lair:5   | XOM: cast spell 'Summon Ice Beast'
 15316 | Lair:5   | XOM: silly message
 15398 | Lair:5   | XOM: silly message
 15468 | Lair:5   | Reached skill level 12 in Stealth
 15507 | Lair:5   | Reached skill level 5 in Evocations
 15507 | Lair:5   | Reached skill level 5 in Shapeshifting
 15611 | Lair:5   | XOM: summons friendly crimson imp
 15710 | Lair:5   | XOM: polymorph crimson imp -> cerulean imp
 16046 | D:9      | XOM: noise
 16086 | D:11     | XOM: noise
 16629 | D:11     | XOM: silly message
 16825 | D:12     | Noticed Josephine
 16852 | D:12     | Killed Josephine
 16873 | D:12     | XOM: summons 1 hostile demon
 17050 | D:12     | XOM: enchant monster (bad)
 17125 | D:12     | XOM: give mutations
 17125 | D:12     | Lost mutation: You have a somewhat thin skeletal structure.
                  | (Dex +2, Stealth+) [Xom's mischief]
 17125 | D:12     | Gained mutation: You heal very quickly. [Xom's mischief]
 17125 | D:12     | Gained mutation: Your skin changes colour to match your
                  | surroundings (Stealth+). [Xom's mischief]
 17273 | D:12     | Noticed Frances
 17287 | D:12     | Killed Frances
 17595 | D:13     | XOM: confusion
 17657 | D:13     | XOM: confusion
 17670 | D:13     | Killed from afar by a meliai

Illustrated notes

Levels and vault maps discovered:
D:1:      onia_arrival_handbag, layout_loops_ring, minivault_5, minmay_ruptured
D:2:      layout_basic, kennysheep_generic_room_7, uniq_terence, uniq_natasha
D:3:      layout_loops_ring, nicolae_hepliaklqana_monster_ancestors,
          serial_bayou_pond_c
D:4:      minmay_razor_zed, layout_basic
D:5:      layout_basic, minmay_temple_entry_butterflies
D:6:      layout_rooms, nicolae_ru_awakened_eye, pf_guarded_unrand_meek,
          uniq_eustachio
D:7:      layout_basic, lemuel_doored_altar, minmay_misc_feat_iff,
          chequers_serial_rivers_micro_c
D:8:      gammafunk_wand_slinger, layout_cave_pods,
          mainiacjoe_overflow_concentric_impassable, erik_lair_island,
          serial_rivers, chequers_serial_rivers_marsh,
          chequers_serial_rivers_micro_a, chequers_serial_rivers_micro_e,
          chequers_serial_rivers_micro_b, enter_bailey_5,
          minmay_fractal_squares_5
D:9:      layout_long_grid, trog_ov_bears_minmay, uniq_erica
D:10:     minmay_the_grid_3x2 [minmay_the_grid_outer_diamond,
          minmay_the_grid_plusring, minmay_the_grid_small_cups,
          minmay_the_grid_spin_star, minmay_the_grid_dragon_b,
          minmay_the_grid_prize_inner_circle], layout_rooms,
          mainiacjoe_overflow_surrounded_room, mainiacjoe_overflow_alcove_4,
          mainiacjoe_overflow_big_doors, nicolae_overflow_crystal_walls,
          nicolae_tso_swordbearing_angel, minmay_sticks_and_stones, uniq_grum
D:11:     layout_long_grid, kennysheep_generic_room_8
D:12:     minmay_firetagon, layout_basic, minivault_4, drop_trap,
          chequers_serial_rivers_marsh, uniq_josephine, uniq_frances
D:13:     layout_roguey [special_room_orc], david_vaults_1
Lair:1:   layout_gridlike
Lair:2:   layout_regular_city, swamp_mist_pool, dummy_snake_entry,
          nzn_ghost_randoct, guppyfry_lair_drakes, grunt_megastairs_2,
          uniq_harold
Lair:3:   layout_small_grid, lemuel_fruit_tree, grunt_megastairs_4
Lair:4:   layout_regular_city, dpeg_slime_entry_enclosed, basic_altar,
          uniq_nessos
Lair:5:   gammafunk_lair_ancient_temple, layout_gridlike

Skill      XL: |  1  2  3  4  5  6  7  8  9 10 11 12 13 14 |
---------------+-------------------------------------------+-----
Dodging        | 1 2 3 4 5 6 7 8 |  8.6
Fighting       | 3 4 5 6 7 8 9 |  9.8
Short Blades   | 3 4 5 6 7 8 9 |  9.8
Armour         | 2 3 4 5 6 7 8 |  8.7
Stealth        | 1 2 3 4 5 7 8 9 10 11 12 | 12.5
Spellcasting   | 1 2 4 5 6 7 8 |  8.4
Shapeshifting  | 3 4 5 |  5.6
Evocations     | 3 4 5 |  5.3
Shields        | 3 4 |  4.5

Action                     |  1- 3 |  4- 6 |  7- 9 | 10-12 | 13-15 || total
---------------------------+-------+-------+-------+-------+-------++-------
  Melee: Short sword       |    96 |   162 |   355 |   542 |   827 ||  1982
         Bite              |    16 |    39 |   117 |   240 |   352 ||   764
         Punch             |     1 |     2 |     4 |       |       ||     7
         Kick              |       |    38 |   141 |   160 |       ||   339
         Dagger            |       |     3 |       |       |       ||     3
         Unarmed           |       |       |       |     3 |       ||     3
  Evoke: Wand              |       |       |       |     2 |     4 ||     6
    Use: Scroll            |       |     3 |     5 |    13 |    10 ||    31
         Potion            |       |       |       |     2 |     2 ||     4
   Stab: Sleeping          |     2 |     8 |    16 |     8 |    33 ||    67
         Invisible         |       |       |       |     4 |     1 ||     5
         Distracted        |       |       |       |     4 |     8 ||    12
         Paralysed         |       |       |       |     1 |     1 ||     2
         Confused          |       |       |       |     3 |     2 ||     5
         Petrified         |       |       |       |       |     1 ||     1
 Armour: Leather armour    |    57 |    73 |   228 |   178 |   217 ||   753
         Skin              |       |       |       |     3 |       ||     3
         Troll leather arm |       |       |       |       |    45 ||    45
  Dodge: Dodged            |    52 |    83 |   525 |   442 |   611 ||  1713
  Block: Buckler           |       |       |    46 |   131 |   185 ||   362

Table legend: (Time is in decaauts)
 A = Elapsed time spent in this place.
 B = Non-inter-level travel time spent in this place.
 C = Inter-level travel time spent in this place.
 D = Time resting spent in this place.
 E = Time spent auto-exploring this place.
 F = Levels seen in this place.
 G = Mean time per level.
                   A        B        C        D        E       F      G
               +--------+--------+--------+--------+--------+-----+--------+
         Total |  17110 |  16219 |    891 |   2654 |  10291 |  18 |  950.6 |
       Dungeon |  12145 |  11440 |    705 |   2374 |   6880 |  13 |  934.2 |
          Lair |   4964 |   4779 |    185 |    280 |   3411 |   5 |  992.8 |
               +--------+--------+--------+--------+--------+-----+--------+

Top non-repeatable levels by time:
     D:1: 2774 daAuts
     D:8: 1482 daAuts
  Lair:5: 1399 daAuts
    D:10: 1261 daAuts
  Lair:4: 938 daAuts
  Lair:1: 899 daAuts
     D:5: 894 daAuts
  Lair:2: 879 daAuts
     D:7: 854 daAuts
  Lair:3: 848 daAuts
     D:3: 732 daAuts
     D:9: 723 daAuts
    D:12: 712 daAuts
     D:4: 692 daAuts
    D:11: 677 daAuts
